 Dungeon Crawl Stone Soup version 0.32-a0-481-g9ce6b883f8 (webtiles) character file.

Game seed: 16487132948395194935

27624 Supivalvur the Cruncher (level 13, -1/104 HPs)
             Began as a Minotaur Monk on Feb 20, 2024.
             Was the Champion of Ru.
             Succumbed to poison (poison gas)
             ... on level 1 of the Swamp on Feb 26, 2024.
             The game lasted 01:59:14 (12875 turns).

Supivalvur the Cruncher (Minotaur Monk)            Turns: 12875, Time: 01:59:15

Health: -1/104     AC: 20    Str: 17    XL:     13   Next: 5%
Magic:  7/12       EV: 13    Int:  7    God:    Ru [******]
Gold:   814        SH:  0    Dex: 17    Spells: 12/12 levels left

rFire   . . .        g - +7 quarterstaff (chaos)
rCold   + . .        (shield currently unavailable)
rNeg    . . .        i - +2 plate armour {rC+}
rPois   .            (helmet restricted)
rElec   .            h - +0 cloak
rCorr   +            (no gloves)
SInv    .            E - +0 pair of boots
Will    .....        l - amulet of regeneration Stlth
                     H - ring of resist corrosion
HPRegen 1.17/turn    A - +5 ring of evasion
MPRegen 0.13/turn

%: no passive effects
@: lethally poisoned (-1 -> -35), exhausted, hasted, very quick
A: horns 2, frail 1, screaming 1, inability to read after injury 2, inability to
use devices, no earth magic, no hexes magic, no necromancy magic, retaliatory
headbutt, no forms
a: Renounce Religion, Draw Out Power, Power Leap, Apocalypse


You were on level 1 of the Swamp.
You worshipped Ru.
Ru was exalted by your worship.
You visited 4 branches of the dungeon, and saw 14 of its levels.

You collected 878 gold pieces.
You spent 64 gold pieces at shops.

Inventory:

Hand Weapons
 a - a +1 mace
 g - a +7 quarterstaff of chaos (weapon)
 q - a +0 long sword of draining
 s - a +3 great sword
 K - a +1 whip of holy wrath
 P - a +4 scimitar of flaming
Missiles
 b - 21 poisoned darts (quivered)
 v - 90 stones
 O - 2 silver javelins
Armour
 d - an orb of light
 h - a +0 cloak (worn)
 i - a +2 plate armour of cold resistance (worn)
 x - the +6 scale mail of the Gusle {rF+ Regen+}
   (You found it on level 9 of the Dungeon)

   rF+:       It protects you from fire.
   Regen+:    It increases your rate of health regeneration.
 y - a +2 buckler
 E - a +0 pair of boots (worn)
 J - an orb of mayhem
Jewellery
 e - a +6 ring of intelligence
 l - an amulet of regeneration (around neck)
 n - a ring of poison resistance
 A - a +5 ring of evasion (right hand)
 H - a ring of resist corrosion (left hand)
 T - an amulet of reflection
Scrolls
 f - 2 scrolls of amnesia
 j - 3 scrolls of fear
 t - 5 scrolls of noise
 C - 4 scrolls of teleportation
 D - 3 scrolls of fog
 F - 3 scrolls of identify
 I - a scroll of poison {unknown}
 M - 2 scrolls of revelation
 N - a scroll of immolation
 Q - a scroll of blinking {unknown}
 S - a scroll of brand weapon {unknown}
 U - a scroll of enchant weapon
Potions
 c - 3 potions of ambrosia
 k - 4 potions of curing
 m - 3 potions of mutation
 o - 2 potions of degeneration
 p - a potion of invisibility {unknown}
 u - 2 potions of lignification
 w - 5 potions of brilliance
 z - a potion of enlightenment
 B - a potion of cancellation
 G - 2 potions of attraction


   Skills:
 + Level 11.4 Fighting
 + Level 5.2(11.0) Maces & Flails
 + Level 14.9(15.2) Staves
 + Level 10.9 Throwing
 + Level 11.3 Armour
 + Level 4.9 Dodging
 + Level 4.6 Stealth


You had 12 spell levels left.
You didn't know any spells.
Your spell library contained the following spells:

 Spells                   Type           Power      Damage    Failure   Level
 Apportation              Tloc           0%         N/A       100%        1
 Magic Dart               Conj           0%         1d3       100%        1
 Sting                    Conj/Alch      0%         1d3       100%        1
 Mercury Vapours          Alch/Air       0%         N/A       100%        2
 Scorch                   Fire           0%         2d5       100%        2
 Searing Ray              Conj           0%         2d4       100%        2
 Flame Wave               Conj/Fire      0%         2d4       100%        4
 Fulminant Prism          Conj/Alch      0%         3d5       100%        4
 Olgreb's Toxic Radiance  Alch           0%         N/A       100%        4
 Passage of Golubria      Tloc           0%         N/A       100%        4
 Alistair's Intoxication  Alch           0%         N/A       100%        5
 Summon Cactus Giant      Summ           0%         N/A       100%        6
 Jinxbite                 Hex            Unusable   N/A       N/A         2
 Tukima's Dance           Hex            Unusable   N/A       N/A         3
 Yara's Violent Unravell  Hex/Alch       Unusable   3d3       N/A         5

Dungeon Overview and Level Annotations

Branches:
Dungeon (9/15)             Temple (1/1) D:5            Lair (3/5) D:9
  Swamp (1/4) Lair:3       Spider (0/4) Lair:3
    Orc: D:9-12

Altars:
Ashenzari
Cheibriados
Dithmenos
Elyvilon
Fedhas
Gozag
Hepliaklqana
Kikubaaqudgha
Makhleb
Nemelex Xobeh
Okawaru
Qazlal
Ru
Sif Muna
Trog
Uskayaw
Vehumet
Wu Jian
Xom
Yredelemnul
Zin
The Shining One

Shops:
D:2 ***([

Portals:
Abyss: Lair:3

Annotations:
Lair:3 1 transporter, Biloeg's ghost, journeyman DsDe


Innate Abilities, Weirdness & Mutations

You have a pair of horns on your head.
You are frail. (-10% HP)
You occasionally shout uncontrollably at your foes.
You sometimes lose the ability to read scrolls when taking damage.
You cannot study or use magical devices.
You cannot study or cast Earth magic.
You cannot study or cast Hexes magic.
You cannot study or cast Necromancy magic.
You reflexively headbutt those who attack you in melee.
You cannot voluntarily change form.


Message History

Okay, then.
Your unstable footing causes you to fumble your attack.
You are engulfed in poison gas.
You are more poisoned.
You feel very sick.
You completely miss the swamp dragon.
You headbutt the swamp dragon, but do no damage.
The swamp dragon is almost dead.
You are engulfed in poison gas.
You are lethally poisoned!
You feel very sick.
You hit the swamp dragon but do no damage.
The swamp dragon is almost dead.
You are engulfed in poison gas.
You are more poisoned.
* * * LOW HITPOINT WARNING * * *
You feel very sick.
You focus your inner power and blind the swamp dragon in retribution!
You sock the swamp dragon!
You kill the swamp dragon!
You hear a splash.
The swamp dragon scales are intact enough to wear.
You are engulfed in poison gas.
You are more poisoned.
* * * LOW HITPOINT WARNING * * *
x2 You feel extremely sick.
You feel better.
You are engulfed in poison gas.
You are poisoned.
* * * LOW HITPOINT WARNING * * *
You feel very sick.
You are engulfed in poison gas.
You are lethally poisoned!
* * * LOW HITPOINT WARNING * * *
x2 You feel extremely sick.
There is a staircase back to the Lair, spattered with blood here.
You can't go down here!
You are engulfed in poison gas.
You are more poisoned.
* * * LOW HITPOINT WARNING * * *
You die...
Ru respects your ultimate sacrifice.

♣♣ ♣°♣♣
♣○♣ ♣°♣ ♣♣
.♣
♣○♣♣~♣.♣.♣
♣@°°°...♣
♣♣°°§.♣.♣
♣~°....♣
§.(~♣♣.♣
♣~♣♣♣♣ .♣
D. . ♣.~
♣.~ .~~


There were no monsters in sight!

Vanquished Creatures
  A bunyip (Swamp:1)
  4 hydras
  Erica (D:8)
  A two-headed ogre (D:8)
  A boulder beetle (D:9)
  Amaemon (Lair:3)
  A skyshark (Lair:2)
  2 swamp dragons (Swamp:1)
  A lindwurm (Lair:3)
  A black mamba (Lair:1)
  9 cane toads
  An orange demon (Lair:3)
  A torpor snail (Lair:1)
  Maggie (D:8)
  4 komodo dragons
  2 rime drakes
  A polar bear (Lair:2)
  5 blink frogs (Lair:3)
  A tyrant leech (Lair:3)
  A hornet (Swamp:1)
  Prince Ribbit (D:6)
  A jumping spider (Lair:3)
  A spriggan (Swamp:1)
  A wraith (D:9)
  4 wyverns
  3 redbacks (Lair:3)
  24 yaks
  A steam dragon (D:9)
  3 basilisks
  Grum (D:9)
  3 swamp worms
  A vampire mosquito (Swamp:1)
  An acid dragon (D:9)
  12 water moccasins
  11 black bears
  2 orc warriors
  3 sky beasts
  2 ice beasts
  An ogre (D:5)
  6 wolves
  4 centaurs
  A phantom (D:7)
  Blork the orc (D:6)
  3 kobold brigands
  15 bullfrogs
  A gnoll sergeant (D:8)
  A scorpion (D:6)
  8 wights
  12 killer bees
  2 howler monkeys
  2 hounds (D:6)
  Crazy Yiuf (D:3)
  3 bombardier beetles
  4 orc priests
  A gnoll bouda (D:7)
  2 sleepcaps
  Ijyb (D:3)
  2 iguanas
  4 orc wizards
  Robin (D:3)
  6 gnolls
  12 adders
  A shadow imp (D:7)
  2 white imps
  2 dart slugs
  2 ribbon worms
  26 orcs
  3 bats
  5 endoplasms
  6 giant cockroaches
  10 goblins
  9 hobgoblins
  2 jackals (D:5)
  10 kobolds
  5 quokkas
  8 ball pythons
  5 frilled lizards
  8 rats
313 creatures vanquished.

Vanquished Creatures (others)
  A cane toad (Lair:1)
  A bloated husk (Swamp:1)
  A slime creature (D:7)
  A basilisk (Lair:3)
  A bullfrog (Lair:2)
  A gnoll (D:8)
  A hobgoblin zombie (D:4)
7 creatures vanquished.

Grand Total: 320 creatures vanquished

Notes
Turn   | Place    | Note
-------+----------+-------------------------------------------
     0 | D:1      | Supivalvur the Minotaur Monk began the quest for the Orb.
     0 | D:1      | Reached XP level 1. HP: 19/19 MP: 0/0
   240 | D:1      | Reached XP level 2. HP: 27/27 MP: 1/1
   580 | D:1      | Reached XP level 3. HP: 34/34 MP: 2/2
   724 | D:1      | Found a faded altar of an unknown god.
   735 | D:1      | Prayed at the altar of an unknown god.
   735 | D:1      | Became a worshipper of Ru the Awakened
   741 | D:1      | Gained mutation: You cannot voluntarily change form. [Ru
                  | sacrifice]
  1231 | D:2      | Found Tubaj's Assorted Antiques.
  1317 | D:2      | Found Nuuhag Ergha's General Store.
  1323 | D:2      | Found Wiuck's Assorted Antiques.
  1328 | D:2      | Found Ivesid's Antique Weapon Boutique.
  1450 | D:2      | Reached XP level 4. HP: 41/41 MP: 3/3
  1853 | D:2      | Found Debleapo's Armour Emporium.
  2014 | D:2      | Bought a brown potion for 21 gold pieces
  2014 | D:2      | Bought 2 fuming brown potions for 43 gold pieces
  2043 | D:3      | Reached skill level 5 in Maces & Flails
  2058 | D:3      | Reached skill level 1 in Throwing
  2835 | D:3      | Reached XP level 5. HP: 47/47 MP: 4/4
  2937 | D:3      | Found a runed translucent door.
  2938 | D:3      | Noticed Crazy Yiuf
  2947 | D:3      | Killed Crazy Yiuf
  3014 | D:3      | Noticed Ijyb
  3014 | D:3      | Noticed Robin
  3076 | D:3      | Killed Ijyb
  3078 | D:3      | Killed Robin
  3213 | D:3      | Reached skill level 1 in Staves
  3357 | D:3      | Reached XP level 6. HP: 55/55 MP: 5/5
  3597 | D:3      | Gained mutation: You occasionally shout uncontrollably at
                  | your foes. [Ru sacrifice]
  3893 | D:4      | Reached skill level 1 in Armour
  4802 | D:4      | Reached skill level 2 in Staves
  4943 | D:4      | Reached skill level 5 in Fighting
  5190 | D:4      | Reached skill level 3 in Staves
  5190 | D:4      | Reached skill level 1 in Stealth
  5235 | D:4      | Reached XP level 7. HP: 61/61 MP: 6/6
  5341 | D:5      | Entered Level 5 of the Dungeon
  5425 | D:5      | Found a staircase to the Ecumenical Temple.
  5468 | Temple   | Entered the Ecumenical Temple
  5860 | D:5      | Found a broken altar of Ashenzari.
  5890 | D:5      | Gained mutation: You cannot study or cast Earth magic. [Ru
                  | sacrifice]
  5890 | D:5      | Gained mutation: You cannot study or cast Hexes magic. [Ru
                  | sacrifice]
  5890 | D:5      | Gained mutation: You cannot study or cast Necromancy magic.
                  | [Ru sacrifice]
  5890 | D:5      | Reached * piety under Ru
  6279 | D:6      | Noticed Prince Ribbit
  6288 | D:6      | Reached skill level 4 in Staves
  6298 | D:6      | Killed Prince Ribbit
  6299 | D:6      | Reached XP level 8. HP: 69/69 MP: 7/7
  6511 | D:6      | Reached skill level 5 in Staves
  6600 | D:6      | Reached skill level 5 in Throwing
  6833 | D:6      | Noticed Blork the orc
  6853 | D:6      | Reached skill level 6 in Staves
  6853 | D:6      | Killed Blork the orc
  6854 | D:6      | Reached skill level 5 in Armour
  7172 | D:7      | Reached skill level 7 in Staves
  7214 | D:7      | Reached XP level 9. HP: 71/75 MP: 8/8
  7856 | D:7      | Reached skill level 8 in Staves
  7912 | D:7      | Gained mutation: You cannot study or use magical devices.
                  | [Ru sacrifice]
  7912 | D:7      | Reached ** piety under Ru
  7912 | D:7      | Reached *** piety under Ru
  7912 | D:7      | Reached **** piety under Ru
  8269 | D:8      | Noticed Maggie
  8278 | D:8      | Killed Maggie
  8279 | D:8      | Reached skill level 9 in Staves
  8633 | D:8      | Noticed a two-headed ogre
  8642 | D:8      | Killed a two-headed ogre
  8643 | D:8      | Reached XP level 10. HP: 86/86 MP: 9/9
  8787 | D:8      | Found a sacrificial altar of Ru.
  8911 | D:8      | Noticed Erica
  8931 | D:8      | Killed Erica
  8932 | D:8      | Reached skill level 10 in Staves
  9114 | D:8      | Found a radiant altar of Vehumet.
  9350 | D:9      | Upgraded the game from 0.32-a0-401-g0bcb2a7693 to
                  | 0.32-a0-418-g34023cf50c
  9593 | D:9      | Reached skill level 11 in Staves
  9687 | D:9      | Identified the +6 scale mail of the Gusle {rF+ Regen+}
  9707 | D:9      | Noticed Grum
  9730 | D:9      | Killed Grum
  9922 | D:9      | Found a staircase to the Lair.
  9992 | D:9      | Reached XP level 11. HP: 95/95 MP: 10/10
 10005 | D:9      | Upgraded the game from 0.32-a0-418-g34023cf50c to
                  | 0.32-a0-441-gaf4921d101
 10091 | D:9      | Noticed a boulder beetle
 10112 | D:9      | Killed a boulder beetle
 10118 | D:9      | Reached skill level 12 in Staves
 10214 | D:9      | Found a shimmering altar of Xom.
 10277 | Lair:1   | Entered Level 1 of the Lair of Beasts
 10384 | Lair:1   | Gained mutation: You occasionally lose the ability to read
                  | scrolls when taking damage. [Ru sacrifice]
 10384 | Lair:1   | Gained mutation: You sometimes lose the ability to read
                  | scrolls when taking damage. [Ru sacrifice]
 10384 | Lair:1   | Reached ***** piety under Ru
 10925 | Lair:1   | Reached skill level 13 in Staves
 11126 | Lair:2   | Reached skill level 10 in Armour
 11144 | Lair:2   | Noticed a skyshark
 11160 | Lair:2   | Killed a skyshark
 11250 | Lair:2   | Reached XP level 12. HP: 105/105 MP: 11/11
 11265 | Lair:2   | Noticed a seven-headed hydra
 11271 | Lair:2   | Killed a seven-headed hydra
 11432 | Lair:2   | Reached skill level 10 in Throwing
 11434 | Lair:2   | Noticed a four-headed hydra
 11449 | Lair:2   | Killed a four-headed hydra
 11668 | Lair:2   | Reached skill level 10 in Fighting
 11833 | Lair:3   | Upgraded the game from 0.32-a0-441-gaf4921d101 to
                  | 0.32-a0-481-g9ce6b883f8
 11868 | Lair:3   | Reached skill level 14 in Staves
 11921 | Lair:3   | Noticed Amaemon
 11952 | Lair:3   | Killed Amaemon
 11970 | Lair:3   | Found a hole to the Spider Nest.
 12043 | Lair:3   | Gained mutation: You are frail. (-10% HP) [Ru sacrifice]
 12043 | Lair:3   | Reached ****** piety under Ru
 12310 | Lair:3   | Noticed an eight-headed hydra
 12310 | Lair:3   | Noticed a four-headed hydra
 12317 | Lair:3   | Killed an eight-headed hydra
 12323 | Lair:3   | Killed a four-headed hydra
 12335 | Lair:3   | Found a staircase to the Swamp.
 12448 | Lair:3   | Found a transporter.
 12469 | Lair:3   | Noticed Biloeg's ghost (journeyman DsDe)
 12487 | Lair:3   | Noticed a hell hog
 12556 | Lair:3   | Identified the +1 robe of Picakk {rElec rF+ Will+ rCorr}
 12720 | Lair:3   | Found a one-way gate to the infinite horrors of the Abyss.
 12822 | Swamp:1  | Entered Level 1 of the Swamp
 12822 | Swamp:1  | Noticed a bunyip
 12827 | Swamp:1  | Killed a bunyip
 12852 | Swamp:1  | Reached XP level 13. HP: 80/104 MP: 12/12
 12874 | Swamp:1  | HP: 5/104 [poison (poison gas)]
 12875 | Swamp:1  | Succumbed to poison (poison gas)

Illustrated notes

Levels and vault maps discovered:
D:1:      lightli_arrival_statue_moat, layout_loops_cross,
          shapermc_ecumenical_altar_pompeii
D:2:      layout_basic, serial_shops, nicolae_shop_tiny_statue_garden, shop,
          shop, nicolae_shop_overgrown_old_shop, shop
D:3:      layout_basic, nicolae_goblin_pals, uniq_crazy_yiuf_cottage
D:4:      layout_loops_corners, nicolae_hexahallways, nicolae_half_adder
D:5:      layout_loops_ring, evilmike_ruin_ashenzari,
          minmay_temple_entry_stoned_glass
D:6:      layout_gridville, minmay_pentangle, uniq_blork_the_orc,
          uniq_prince_ribbit1
D:7:      layout_cave_pools, minmay_misc_feat_hallway, nzn_random_ring
D:8:      layout_basic, mainiacjoe_overflow_alcove_1, old_standard_altar,
          chequers_serial_rivers_room_b, uniq_erica, uniq_maggie
D:9:      layout_roguey, lemuel_tele_altar, minmay_lair_entry_grove, uniq_grum
Temple:   eino_narrow_crystal_temple
Lair:1:   layout_chaotic_city, columned_hall_lemuel, wad_woods_road_02,
          st_stairs_10, hangedman_lair_unloving_vines, beast_lair_carwin_7
Lair:2:   layout_chaotic_city, lemuel_fruit_tree
Lair:3:   layout_misc_corridors, palyth_hydra_swamp_entry, spider_nest_entry_a,
          gammafunk_ghost_abyssal_escape, serial_bayou_pond_b,
          minmay_stone_trees_small, serial_bayou_shore_b, uniq_amaemon
Swamp:1:  layout_falls_marsh, nicolae_swamp_ascending_descending_big

Skill      XL: |  1  2  3  4  5  6  7  8  9 10 11 12 |
---------------+-------------------------------------+-----
Maces & Flails | 4 5 |  5.2
Fighting       | 4 5 6 7 8 9 11 | 11.4
Dodging        | 4 |  4.9
Throwing       | 1 2 3 4 6 7 8 9 10 | 10.9
Staves         | 1 3 4 7 9 11 13 14 | 14.9
Armour         | 1 3 5 7 8 10 11 | 11.3
Stealth        | 1 2 3 4 |  4.6

Action                     |  1- 3 |  4- 6 |  7- 9 | 10-12 | 13-15 || total
---------------------------+-------+-------+-------+-------+-------++-------
  Melee: Mace              |    34 |    35 |       |       |       ||    69
         Headbutt          |     5 |    14 |    31 |   133 |     4 ||   187
         Quarterstaff      |       |    83 |   171 |   547 |    15 ||   816
  Throw: Boomerang         |    24 |    67 |    73 |    64 |       ||   228
         Stone             |       |    23 |       |    12 |       ||    35
         Dart              |       |    13 |       |    30 |       ||    43
         Javelin           |       |       |       |    28 |       ||    28
         Throwing net      |       |       |       |     1 |       ||     1
 Invoke: Sacrifice Forms   |     1 |       |       |       |       ||     1
         Sacrifice Purity  |       |     1 |       |       |       ||     1
         Sacrifice Arcana  |       |       |     1 |       |       ||     1
         Power Leap        |       |       |     1 |     3 |     1 ||     5
         Sacrifice Artific |       |       |     1 |       |       ||     1
         Draw Out Power    |       |       |       |     6 |       ||     6
         Apocalypse        |       |       |       |     1 |       ||     1
         Sacrifice Words   |       |       |       |     1 |       ||     1
         Sacrifice Health  |       |       |       |     1 |       ||     1
  Evoke: Wand              |       |       |    15 |       |       ||    15
    Use: Scroll            |       |     6 |    10 |     7 |       ||    23
         Potion            |       |     1 |       |     2 |     4 ||     7
   Stab: Petrifying        |       |     1 |       |       |       ||     1
         Petrified         |       |     1 |       |       |       ||     1
         Invisible         |       |       |     1 |     5 |       ||     6
         Confused          |       |       |       |     4 |       ||     4
         Distracted        |       |       |       |     3 |       ||     3
         Paralysed         |       |       |       |     2 |       ||     2
 Armour: Robe              |    10 |     5 |       |       |       ||    15
         Leather armour    |       |    46 |       |       |       ||    46
         Chain mail        |       |     3 |    82 |    24 |       ||   109
         Plate armour      |       |       |       |   226 |     9 ||   235
  Dodge: Dodged            |    19 |    71 |   104 |   210 |     4 ||   408

Table legend: (Time is in decaauts)
 A = Elapsed time spent in this place.
 B = Non-inter-level travel time spent in this place.
 C = Inter-level travel time spent in this place.
 D = Time resting spent in this place.
 E = Time spent auto-exploring this place.
 F = Levels seen in this place.
 G = Mean time per level.
                   A        B        C        D        E       F      G
               +--------+--------+--------+--------+--------+-----+--------+
         Total |  12714 |  12714 |      0 |   1196 |      0 |  14 |  908.1 |
       Dungeon |  10221 |  10221 |      0 |   1181 |      0 |   9 | 1135.7 |
        Temple |     25 |     25 |      0 |      0 |      0 |   1 |   25.0 |
          Lair |   2431 |   2431 |      0 |     15 |      0 |   3 |  810.3 |
         Swamp |     36 |     36 |      0 |      0 |      0 |   1 |   36.0 |
               +--------+--------+--------+--------+--------+-----+--------+

Top non-repeatable levels by time:
     D:3: 1788 daAuts
     D:4: 1516 daAuts
     D:8: 1238 daAuts
     D:1: 1182 daAuts
     D:6: 1049 daAuts
  Lair:3: 967 daAuts
     D:9: 916 daAuts
     D:7: 910 daAuts
     D:2: 878 daAuts
  Lair:2: 770 daAuts
     D:5: 741 daAuts
  Lair:1: 694 daAuts
 Swamp:1: 36 daAuts
  Temple: 25 daAuts
